 Dungeon Crawl Stone Soup version 0.17.1-1-g73c8601 (webtiles) character file.

2123 Implojin the Grappler (level 9, -1/80 HPs)
             Began as a Troll Monk on Apr 8, 2016.
             Was a High Priest of Okawaru.
             Killed by nerve-wracking pain
             ... invoked by an orc priest
              (14 damage)
             ... on level 10 of the Dungeon.
             The game lasted 00:06:13 (1171 turns).

Implojin the Grappler (Troll Monk)                  Turns: 1171, Time: 00:06:13

Health: -1/80      AC:  7    Str: 21    XL:     9   Next: 8%
Magic:  8/8        EV: 10    Int:  6    God:    Okawaru [*****.]
Gold:   55         SH:  0    Dex: 15    Spells: 0 memorised, 8 levels left

rFire  . . .     SeeInvis .       - Unarmed
rCold  + . .     Clarity  .     l - +2 robe {rC+}
rNeg   + . .     SustAt   .     (no shield)
rPois  .         Gourm    +     (helmet restricted)
rElec  .         Spirit   .     (no cloak)
rCorr  .         Warding  .     (gloves unavailable)
rMut   .         Stasis   .     (boots unavailable)
MR     .....                    (no amulet)
Stlth  ++........               n - ring of positive energy
                                h - ring of flight

@: not resistant to hostile enchantments, unstealthy
A: unfitting armour, claws 3, fast metabolism 3, gourmand, regeneration 2,
shaggy fur 1, tough skin 2
a: Heroism, Finesse, Renounce Religion, Evoke Flight


You were on level 10 of the Dungeon.
You worshipped Okawaru.
Okawaru was extremely pleased with you.
You were not hungry.

You visited 1 branch of the dungeon, and saw 10 of its levels.

You collected 55 gold pieces.

Inventory:

Hand Weapons
 j - a +0 blowgun
Armour
 a - a +0 robe
 l - a +2 robe of cold resistance (worn)
 r - a +0 large shield
Magical Staves
 u - an uncursed staff of conjuration {unknown}
Jewellery
 h - a ring of flight (left claw)
 n - a ring of positive energy (right claw)
Wands
 q - a wand of polymorph (18)
Scrolls
 c - a scroll of remove curse {unknown}
 e - a scroll of identify {unknown}
 f - a scroll of immolation {unknown}
 g - a scroll of enchant armour {unknown}
 i - 2 scrolls of teleportation {unknown}
 o - a scroll of magic mapping {unknown}
Potions
 d - a potion of curing {unknown}
 m - a potion of lignification {unknown}
 p - 3 potions of heal wounds {unknown}
 s - a potion of cancellation {unknown}
 t - a potion of agility {unknown}
Comestibles
 b - 3 bread rations
 k - 2 meat rations


   Skills:
 - Level 2.4 Fighting
 - Level 2.4 Dodging
 - Level 1.1 Stealth
 * Level 12.3 Unarmed Combat


You had 8 spell levels left.
You didn't know any spells.

Dungeon Overview and Level Annotations

Branches:
Dungeon (10/15)            Temple (0/1) D:7
   Lair: D:8-11         Orc: D:9-12

Altars:
Nemelex Xobeh
Okawaru
Xom

Annotations:
D:8 exclusion: upstairs


Innate Abilities, Weirdness & Mutations

You are too large for most types of armour.
You have claws for hands.
Your metabolism is lightning-fast.
You like to eat raw meat.
You heal very quickly.
You are covered in fur (AC +1).
You have very tough skin (AC +2).


Message History

The orb of energy misses you.
The deep elf mage mumbles some strange words.
There is an open door here. 2 orc priests come into view.
The orc priest shouts!
There is an open door here.
The orc warrior shouts!
The orc priest shouts!
You scratch the battlesphere. You claw the battlesphere.
The battlesphere is lightly damaged.
The deep elf mage hits you but does no damage.
You mangle the deep elf mage!!
You kill the deep elf mage!
Okawaru accepts your kill.
The battlesphere dissipates.
Unknown command.
The orc priest invokes the aid of Beogh against you.
Something smites you!
You mangle the orc priest!!
You kill the orc priest!
Okawaru accepts your kill.
You feel like a meek peon again.
The orc priest casts a cantrip, but nothing happens.
You claw the orc warrior!
The orc warrior is moderately wounded.
The orc priest mumbles some strange prayers to Beogh against you.
Something smites you!
* * * LOW HITPOINT WARNING * * *
The orc warrior hits you with a war axe.
* * * LOW HITPOINT WARNING * * *
You fail to use your ability.
An orc wizard comes into view. It is wielding a dagger.
Unknown command.
The orc wizard shouts!
You scratch the orc warrior.
The orc warrior is moderately wounded.
The orc warrior hits you with a war axe!!
* * * LOW HITPOINT WARNING * * *
The orc priest invokes the aid of Beogh against you.
Pain shoots through your body!
You die...

######..... ..........
...o.....#############
.........#.............
.........#.............#
......o..#.............+
+######..#.............#
#.o#.............
#.@#....)......#
#.)'...........#
#..#.).........#
#..#...........# .
#..########'##.# ..
####............###...
#.....................
#.....................
#........#########....


You could see an orc warrior, an orc priest and an orc wizard.

Vanquished Creatures
  The ghost of eruonna the Spear-Bearer, a novice DsWn of Okawaru (D:7)
  A hill giant (D:10)
  A two-headed ogre (D:8)
  2 deep elf magi
  A hungry ghost (D:7)
  A sky beast (D:7)
  A scorpion (D:7)
  2 electric eels (D:7)
  A jelly (D:9)
  A gnoll shaman (D:7)
  An iguana (D:8)
  An orc priest (D:10)
  3 orc wizards (D:7)
  A worker ant (D:5)
  5 gnolls (D:7)
  2 adders
  A worm (D:2)
  A giant gecko (D:8)
  3 orcs
  2 bats
  A hobgoblin (D:1)
  A quokka (D:6)
  2 giant newts (D:2)
  A goblin (D:2)
  2 rats (D:2)
39 creatures vanquished.

Notes
Turn   | Place    | Note
--------------------------------------------------------------
     0 | D:1      | Implojin the Troll Monk began the quest for the Orb.
     0 | D:1      | Reached XP level 1. HP: 22/22 MP: 0/0
     2 | D:1      | Noticed an elf
     4 | D:1      | Noticed a demonspawn
     4 | D:1      | Noticed a ghoul
     6 | D:1      | Noticed a formicid
     8 | D:1      | Noticed a draconian
     8 | D:1      | Noticed a spriggan
    10 | D:1      | Noticed a troll
    10 | D:1      | Noticed a gargoyle
    13 | D:1      | Noticed a tengu
    13 | D:1      | Noticed a vine stalker
    15 | D:1      | Noticed an ogre
    17 | D:1      | Noticed a felid
    19 | D:1      | Noticed a centaur
    19 | D:1      | Noticed a human
    21 | D:1      | Noticed a vampire
    21 | D:1      | Noticed a dwarf
    23 | D:1      | Noticed a minotaur
    25 | D:1      | Noticed a demigod
    25 | D:1      | Noticed a merfolk
    27 | D:1      | Noticed an octopode
    27 | D:1      | Noticed a naga
    91 | D:2      | Found an iron altar of Okawaru.
   103 | D:2      | Became a worshipper of Warmaster Okawaru
   103 | D:2      | Reached * piety under Okawaru
   103 | D:2      | Reached ** piety under Okawaru
   172 | D:2      | Reached XP level 2. HP: 21/29 MP: 1/1
   230 | D:4      | Found a sparkling altar of Nemelex Xobeh.
   246 | D:5      | Entered Level 5 of the Dungeon
   257 | D:5      | Reached skill level 5 in Unarmed Combat
   257 | D:5      | Reached XP level 3. HP: 22/36 MP: 2/2
   324 | D:7      | Noticed a scorpion
   326 | D:7      | Killed a scorpion
   326 | D:7      | Reached XP level 4. HP: 36/44 MP: 0/3
   351 | D:7      | Found a staircase to the Ecumenical Temple.
   372 | D:7      | Noticed a hungry ghost
   388 | D:7      | Killed a hungry ghost
   388 | D:7      | Reached skill level 6 in Unarmed Combat
   388 | D:7      | Reached XP level 5. HP: 46/50 MP: 1/4
   411 | D:7      | Reached skill level 7 in Unarmed Combat
   454 | D:7      | Noticed a sky beast
   467 | D:7      | Killed a sky beast
   467 | D:7      | Reached *** piety under Okawaru
   467 | D:7      | Reached XP level 6. HP: 44/59 MP: 2/5
   547 | D:7      | Noticed eruonna's ghost (novice DsWn)
   560 | D:7      | Killed eruonna's ghost
   560 | D:7      | Reached **** piety under Okawaru
   560 | D:7      | Reached skill level 9 in Unarmed Combat
   560 | D:7      | Reached XP level 7. HP: 48/66 MP: 3/6
   585 | D:7      | Reached skill level 10 in Unarmed Combat
   590 | D:7      | Reached XP level 8. HP: 61/74 MP: 7/7
   729 | D:8      | Found a shimmering altar of Xom.
   881 | D:8      | Noticed a two-headed ogre
   885 | D:8      | Killed a two-headed ogre
   974 | D:9      | Reached skill level 11 in Unarmed Combat
  1103 | D:10     | Entered Level 10 of the Dungeon
  1125 | D:10     | Noticed a hill giant
  1136 | D:10     | Killed a hill giant
  1136 | D:10     | Reached ***** piety under Okawaru
  1136 | D:10     | Reached skill level 12 in Unarmed Combat
  1136 | D:10     | Reached XP level 9. HP: 43/80 MP: 5/8
  1171 | D:10     | Killed from afar by an orc priest

Action                   |  1- 3 |  4- 6 |  7- 9 || total
-------------------------+-------+-------+-------++-------
Melee: Unarmed           |    35 |    39 |    40 ||   114
Invok: Heroism           |     1 |     3 |     3 ||     7
 Stab: Sleeping          |       |     1 |     1 ||     2
  Eat: Chunk             |     5 |     8 |     1 ||    14

Table legend:
 A = Turns spent in this place as a percentage of turns spent in the entire game.
 B = Non-inter-level travel turns spent in this place as a percentage of non-inter-level travel turns spent in the entire game.
 C = Inter-level travel turns spent in this place as a percentage of turns spent in this place.
 D = Turns resting spent in this place as a percentage of non-inter-level travel turns spent in this place.
 E = Turns spent auto-exploring this place as a percentage of non-inter-level travel turns spent in this place.
 F = Non-inter-level travel turns spent in this place divided by the number of levels of this place that you've seen.
                   A       B       C       D       E      F
               +-------+-------+-------+-------+-------+----------------------
         Total | 100.0 | 100.0 |   0.0 |   0.0 |   0.0 | 114.1
       Dungeon | 100.0 | 100.0 |   0.0 |   0.0 |   0.0 | 114.1
               +-------+-------+-------+-------+-------+----------------------

Table legend:
 A = Kills in this place as a percentage of kills in entire the game.
 B = Kills by you in this place as a percentage of kills by you in the entire game.
 C = Kills by friends in this place as a percentage of kills by friends in the entire game.
 D = Other kills in this place as a percentage of other kills in the entire game.
 E = Experience gained in this place as a percentage of experience gained in the entire game.
 F = Experience gained in this place divided by the number of levels of this place that you have seen.
                   A       B       C       D       E      F
               +-------+-------+-------+-------+-------+----------------------
         Total | 100.0 | 100.0 |  -nan |  -nan | 100.0 | 303.4
       Dungeon | 100.0 | 100.0 |  -nan |  -nan | 100.0 | 303.4
               +-------+-------+-------+-------+-------+----------------------
